 Dungeon Crawl Stone Soup version 0.27.1-34-g3ba077fa99 (webtiles) character file.

Game seed: 3874239940799645852

16 fishdoom the Magician (level 2, -3/21 HPs)
             Began as a Djinni Fire Elementalist on Jan 27, 2022.
             Slain by Terence (12 damage)
             ... on level 1 of the Dungeon.
             The game lasted 00:02:59 (1091 turns).

fishdoom the Magician (Djinni Fire Elementalist)    Turns: 1091, Time: 00:03:00

Health: -3/21      AC:  2    Str:  7    XL:     2   Next: 70%
Gold:   35         EV: 12    Int: 16    God:
                   SH:  0    Dex: 13

rFire    + + .     SeeInvis .   c - +1 short sword (speed)
rCold    x . .     Faith    .   (no shield)
rNeg     . . .     Spirit   .   a - +0 robe
rPois    ∞         Reflect  .   (no helmet)
rElec    .         Harm     .   (no cloak)
rCorr    .         Rampage  .   (no gloves)
Will     .....                  (boots unavailable)
Stlth    ++........             (no amulet)
HPRegen  0.07/turn              (no ring)
MPRegen  0.00/turn              (no ring)

@: flying
A: sickness immunity, fire resistance 2, cold vulnerability 1, float, innate
caster, hp casting, extra vitality 1
a: no special abilities


You were on level 1 of the Dungeon.
You visited 1 branch of the dungeon, and saw 2 of its levels.

You collected 35 gold pieces.

Inventory:

Hand Weapons
 c - a +1 short sword of speed (weapon)
 d - a +2 whip of freezing
Armour
 a - a +0 robe (worn)
Scrolls
 e - a scroll of blinking {unknown}
 g - a scroll of identify {unknown}
Potions
 b - a potion of cancellation {unknown}
 f - a potion of curing {unknown}
 h - a potion of berserk rage {unknown}


   Skills:
 + Level 2.3 Dodging
 - Level 1.7 Stealth
 + Level 2.9 Spellcasting


You couldn't memorise any spells.
You knew the following spells:

 Your Spells              Type           Power      Damage    Failure   Level
a - Foxfire               Conj/Fire      44%        2x1d6     6%          1
b - Conjure Flame         Conj/Fire      11%        6-21      17%         3
c - Inner Flame           Hex/Fire       11%        N/A       17%         3
d - Sticky Flame          Conj/Fire      11%        2d3       50%         4
e - Fireball              Conj/Fire      5%         3d5       85%         5
Your spell library was empty.

Dungeon Overview and Level Annotations

Branches:
Dungeon (2/15)

Altars:

Annotations:
D:1 Terence


Innate Abilities, Weirdness & Mutations

You are immune to sickness and miasma.
You are immune to poison.
Your flesh is very heat resistant. (rF++)
You are vulnerable to cold. (rC-)
You float through the air rather than walking.
You learn spells naturally, not from books.
Your magical power is your life essence.
You have superior vitality. (+4 HP)


Message History

The quokka bites you but does no damage.
You hit the quokka.
The quokka is almost dead.
The foxfire hits the quokka.
You kill the quokka!
Casting: Foxfire (safe; 6% risk of failure)
Confirm with . or Enter, or press ? or * to list all spells.
You conjure some foxfire!
Terence hits you with a +2 flail of protection!
Your foxfire dissipates!
The foxfire hits Terence but does no damage.
The foxfire hits Terence.
Terence is moderately wounded.
Casting: Foxfire (safe; 6% risk of failure)
Confirm with . or Enter, or press ? or * to list all spells.
You aren't experienced enough to cast this spell.
There is a stone staircase leading up here.
Terence closely misses you.
You fly upwards.
There is a stone staircase leading down here.
Casting: Foxfire (safe; 6% risk of failure)
Confirm with . or Enter, or press ? or * to list all spells.
You conjure some foxfire!
Terence closely misses you.
The foxfire hits Terence but does no damage.
Terence is moderately wounded.
The foxfire hits Terence.
Terence is moderately wounded.
Casting: Foxfire (safe; 6% risk of failure)
Confirm with . or Enter, or press ? or * to list all spells.
You conjure some foxfire!
Terence misses you.
The foxfire hits Terence.
Terence is moderately wounded.
The foxfire hits Terence but does no damage.
Terence is moderately wounded.
Casting: Foxfire (safe; 6% risk of failure)
Confirm with . or Enter, or press ? or * to list all spells.
You conjure some foxfire!
Terence hits you with a +2 flail of protection!
Ouch! That really hurt!
You die...

.######.#..#.#### #.#
#...# #.#
................#
#.####...###.#
.######......##.#
#.##.......#.# .#.##
####.####.###............#
....## #.#
#...####.......###
.....#####.# ###.#
###>..### .........#.#
####.## #...# ......##.#.#
#.v...# ##†##
#.....##.#.###..@..# #.#
##.#.###........@v.# #.#
###.# ###.###.....# #.#
#.# #.........# #.# #.#
######...#######.# ####.#
#...........# .....#
##..######### ###### #...#
#.#.#


You could see Terence (ally target).

Vanquished Creatures
  A dart slug (D:1)
  A ball python (D:1)
  An endoplasm (D:1)
  A goblin (D:1)
  3 kobolds (D:1)
  A quokka (D:2)
  2 bats (D:1)
  2 frilled lizards (D:1)
  A rat (D:1)
13 creatures vanquished.

Vanquished Creatures (others)
  34 foxfires
34 creatures vanquished.

Grand Total: 47 creatures vanquished

Notes
Turn   | Place    | Note
-------+----------+-------------------------------------------
     0 | D:1      | fishdoom the Djinni Fire Elementalist began the quest for
                  | the Orb.
     0 | D:1      | Reached XP level 1. HP: 15/15 MP: 0/0
   248 | D:1      | Reached XP level 2. HP: 18/21 MP: 0/0
  1063 | D:2      | Noticed Terence
  1091 | D:1      | Slain by Terence

Illustrated notes

Levels and vault maps discovered:
D:1:      kilobyte_arrival_exit_the_forest, layout_loops_ring, nrook_campfire,
          minmay_misc_feat_nine_boxes
D:2:      layout_loops_ring, uniq_terence

Action                   || total
-------------------------++-------
Melee: Short sword       ||    10
       Unarmed           ||     1
 Cast: Foxfire           ||    25
Armor: Robe              ||     4
Dodge: Dodged            ||    15
